 Dungeon Crawl Stone Soup version 0.31.0-32-g396128a36d (webtiles) character file.

Game seed: 18023631205343973080

357 Sashaazra the Cudgeller (level 6, -2/72 HPs)
             Began as a Demonspawn Cinder Acolyte on Mar 27, 2024.
             Was a Priest of Ignis.
             Slain by a kobold
             ... wielding a +1 dagger of speed
              (4 damage)
             ... on level 5 of the Dungeon.
             The game lasted 00:14:58 (2559 turns).

Sashaazra the Cudgeller (Demonspawn Cinder Acolyte) Turns: 2559, Time: 00:14:58

Health: -2/72      AC: 14    Str: 16    XL:     6   Next: 37%
Magic:  16/16      EV: 11    Int: 14    God:    Ignis [***...]
Gold:   122        SH:  0    Dex:  9    Spells: 7/7 levels left

rFire   + . .        a - +0 mace (flame)
rCold   . . .        j - orb {*Rage}
rNeg    . . .        r - +0 leather armour {rPois}
rPois   +            (helmet restricted)
rElec   .            m - +0 cloak
rCorr   .            (no gloves)
SInv    .            (no boots)
Will    .....        d - amulet of the acrobat Stlth
                     i - ring of magical power
HPRegen 0.32/turn    (no ring)
MPRegen 0.30/turn

%: random rage (20%), acrobat
@: berserking, fiery-armoured, very quick
A: horns 1, thin metallic scales 2, foul stench 1, magic regeneration
a: Renounce Religion, Fiery Armour, Foxfire Swarm


You were on level 5 of the Dungeon.
You worshipped Ignis.
Ignis was most pleased with you.
You visited 1 branch of the dungeon, and saw 5 of its levels.

You collected 122 gold pieces.

Inventory:

Hand Weapons
 a - a +0 mace of flaming (weapon)
 l - a +2 quarterstaff of chaos
Missiles
 f - 13 stones
Armour
 b - a +0 robe
 j - an orb of wrath (worn)
 m - a +0 cloak (worn)
 r - a +0 leather armour of poison resistance (worn)
 t - a +0 chain mail
Magical Staves
 c - a staff of alchemy
Jewellery
 d - an amulet of the acrobat (around neck)
 i - a ring of magical power (left hand)
Talismans
 k - a blade talisman
Wands
 u - a wand of flame (8)
Scrolls
 e - a scroll of torment {unknown}
 g - a scroll of blinking {unknown}
 o - a scroll of silence {unknown}
 q - a scroll of enchant armour {unknown}
 s - 2 scrolls of enchant weapon
 v - a scroll of identify
Potions
 h - a potion of haste
 n - a potion of mutation
 p - a potion of degeneration (quivered) {unknown}


   Skills:
 + Level 4.2 Fighting
 + Level 4.7 Maces & Flails
 + Level 1.6 Armour
 + Level 2.0 Dodging
 + Level 1.0 Stealth
 + Level 1.0 Spellcasting
 + Level 3.0 Fire Magic


You had 7 spell levels left.
You didn't know any spells.
Your spell library contained the following spells:

 Spells                   Type           Power      Damage    Failure   Level
 Scorch                   Fire           18%        2d5       14%         2
 Inner Flame              Hex/Fire       4%         N/A       45%         3
 Flame Wave               Conj/Fire      4%         2d5       86%         4
 Sticky Flame             Fire/Alch      4%         2d4       86%         4


Dungeon Overview and Level Annotations

Branches:
Dungeon (5/15)             Temple (0/1) D:4

Altars:

Annotations:
D:5 Grinder


Innate Abilities, Weirdness & Mutations

You have a pair of small horns on your head.
You are mostly covered in thin metallic scales. (AC +3)
You may rarely emit foul miasma when damaged in melee.
You regenerate magic rapidly.


Message History

Pain shoots through your body!
* * * LOW HITPOINT WARNING * * *
You hit the ogre. You burn the ogre.
You kill the ogre!
Grinder closely misses you.
Your Dodging skill increases to level 2!
Your Stealth skill increases to level 1!
A red film seems to cover your vision as you go berserk!
You feel yourself moving faster!
You feel mighty!
You closely miss the kobold. You headbutt the kobold.
You kill the kobold!
Grinder gestures at you. You resist with significant effort.
You closely miss the kobold. You headbutt the kobold.
You kill the kobold!
Grinder hits you but does no damage.
Grinder is burned by your cloak of flames.
Grinder is lightly wounded.
You sock the kobold brigand! You burn the kobold brigand.
Your headbutt misses the kobold brigand.
The kobold brigand is heavily wounded.
The kobold brigand completely misses you.
Grinder hits you!
* * * LOW HITPOINT WARNING * * *
Grinder is burned by your cloak of flames.
Grinder is lightly wounded.
Unknown command.
You hit the kobold brigand but do no damage.
The kobold brigand is heavily wounded.
The kobold brigand hits you but does no damage.
The kobold brigand is burned by your cloak of flames.
The kobold brigand is heavily wounded.
Grinder gestures at you. You resist with significant effort.
You sock the kobold brigand! You burn the kobold brigand.
Your headbutt misses the kobold brigand.
The kobold brigand is almost dead.
The kobold brigand barely misses you.
The kobold hits you with a +1 dagger of speed.
You die...

...............
...............
..............#
.............#
............#
............#
.......)5..#
#......@K.#
#.......K##
##......##
##....## #..##
###


You could see Grinder, a kobold brigand and a kobold.

Vanquished Creatures
  An ogre (D:5)
  A phantom (D:4)
  A hound (D:4)
  Crazy Yiuf (D:2)
  An orc wizard (D:4)
  4 adders
  2 ribbon worms
  2 dart slugs
  5 orcs
  A bat (D:2)
  7 endoplasms
  4 giant cockroaches
  7 goblins
  7 hobgoblins
  A jackal (D:4)
  10 kobolds
  4 quokkas
  4 ball pythons
  2 frilled lizards
  3 rats
68 creatures vanquished.

Notes
Turn   | Place    | Note
-------+----------+-------------------------------------------
     0 | D:1      | Sashaazra the Demonspawn Cinder Acolyte began the quest for
                  | the Orb.
     0 | D:1      | Reached XP level 1. HP: 18/18 MP: 2/2
   309 | D:1      | Gained mutation: You are partially covered in thin metallic
                  | scales. (AC +2) [demonic ancestry]
   309 | D:1      | Reached XP level 2. HP: 24/24 MP: 3/3
   570 | D:2      | Gained mutation: You have a pair of small horns on your
                  | head. [demonic ancestry]
   570 | D:2      | Reached XP level 3. HP: 26/29 MP: 4/4
  1022 | D:2      | Gained mutation: You may rarely emit foul miasma when
                  | damaged in melee. [demonic ancestry]
  1022 | D:2      | Reached XP level 4. HP: 31/37 MP: 5/5
  1110 | D:2      | Found a runed translucent door.
  1111 | D:2      | Noticed Crazy Yiuf
  1118 | D:2      | Killed Crazy Yiuf
  1119 | D:2      | Reached skill level 1 in Dodging
  1346 | D:3      | Found a faded altar of an unknown god.
  1753 | D:4      | Gained mutation: You regenerate magic rapidly. [demonic
                  | ancestry]
  1753 | D:4      | Reached XP level 5. HP: 39/42 MP: 6/6
  1935 | D:4      | Noticed a phantom
  1968 | D:4      | Killed a phantom
  1969 | D:4      | Reached skill level 1 in Armour
  1969 | D:4      | Gained mutation: You are mostly covered in thin metallic
                  | scales. (AC +3) [demonic ancestry]
  1969 | D:4      | Reached XP level 6. HP: 45/48 MP: 7/7
  2228 | D:4      | Found a staircase to the Ecumenical Temple.
  2341 | D:4      | Noticed an angel
  2549 | D:5      | Entered Level 5 of the Dungeon
  2549 | D:5      | Noticed Grinder
  2555 | D:5      | Reached skill level 1 in Stealth
  2557 | D:5      | HP: 1/72 [Grinder (8)]
  2559 | D:5      | Slain by a kobold

Illustrated notes

Levels and vault maps discovered:
D:1:      matt_arrival_refuge, layout_rooms, minmay_misc_feat_encased,
          wander_ebering_terrifying_dragon_lair
D:2:      minmay_razor_zed, layout_basic, uniq_crazy_yiuf_cottage
D:3:      layout_rooms, mainiacjoe_overflow_small_starburst,
          ebering_ecumenical_altar_petrified
D:4:      layout_loops_corners, zin_angel, minmay_temple_entry_nine_rooms,
          st_stairs_3
D:5:      layout_cave_pods, serial_shops, shop, uniq_grinder, uniq_ijyb

Skill      XL: |  1  2  3  4  5  6 |
---------------+-------------------+-----
Maces & Flails | 3 4 |  4.7
Fire Magic     | 3 |  3.0
Dodging        | 1 2 |  2.0
Fighting       | 4 |  4.2
Armour         | 1 |  1.6
Stealth        | 1 |  1.0
Spellcasting   | |  1.0

Action                     |  1- 3 |  4- 6 || total
---------------------------+-------+-------++-------
  Melee: Mace              |    93 |    88 ||   181
         Punch             |     1 |       ||     1
         Headbutt          |     2 |    14 ||    16
 Invoke: Fiery Armour      |     2 |     5 ||     7
         Rising Flame      |     1 |       ||     1
    Use: Potion            |     2 |     1 ||     3
         Scroll            |     1 |     5 ||     6
 Armour: Robe              |    67 |     8 ||    75
         Leather armour    |       |    43 ||    43
  Dodge: Dodged            |    74 |    50 ||   124
